 Dungeon Crawl Stone Soup version 0.22-a0-469-gf26638a (webtiles) character file.

169 DrEnzyme the Skirmisher (level 5, -1/37 HPs)
             Began as an Octopode Wanderer on June 11, 2018.
             Slain by an orc wizard
             ... wielding a cursed +0 dagger
              (6 damage)
             ... on level 4 of the Dungeon.
             The game lasted 00:13:57 (3534 turns).

DrEnzyme the Skirmisher (Octopode Wanderer)         Turns: 3534, Time: 00:13:58

Health: -1/37      AC:  1    Str: 12    XL:     5   Next: 50%
Magic:  7/7        EV: 14    Int: 14    God:
Gold:   94         SH:  0    Dex: 16    Spells: 5/6 levels left

rFire    . . .     SeeInvis .     - Unarmed
rCold    . . .     Gourm    .   (no shield)
rNeg     + . .     Faith    .   (helmet restricted)
rPois    .         Spirit   .   (no amulet)
rElec    .         Reflect  .   h - ring of resist corrosion
rCorr    +         Harm     .   i - +4 ring of dexterity
MR       .....                  l - ring of flight
Stlth    ++........             s - ring of positive energy
HPRegen  0.12/turn              (no ring)
MPRegen  0.10/turn              (no ring)
                                (no ring)
                                (no ring)

@: no status effects
A: almost no armour, stealthy swim, amphibious, 8 rings, constrict 8, camouflage
1, gelatinous body 1
a: Evoke Flight


You were on level 4 of the Dungeon.
You were hungry.

You visited 1 branch of the dungeon, and saw 4 of its levels.

You collected 94 gold pieces.

Inventory:

Hand Weapons
 b - a +0 mace
Missiles
 m - 10 tomahawks (quivered)
 o - a throwing net
Jewellery
 h - a ring of resist corrosion (left tentacle)
 i - a +4 ring of dexterity (right tentacle)
 l - a ring of flight (on tentacle)
 s - a ring of positive energy (on tentacle)
Wands
 a - a wand of paralysis (15)
Scrolls
 c - a scroll of teleportation
 e - 3 scrolls of remove curse
 k - 2 scrolls of enchant armour
 n - a scroll of magic mapping
 q - 2 scrolls of fear
 r - a scroll of amnesia {unknown}
 t - a scroll of identify {unknown}
 u - a scroll of enchant weapon {unknown}
Potions
 f - a potion of invisibility {unknown}
 g - 2 potions of curing {unknown}
 j - a potion of ambrosia {unknown}
 p - 2 potions of magic {unknown}
Comestibles
 d - 9 rations


   Skills:
 + Level 4.2 Fighting
 - Level 2.0 Maces & Flails
 + Level 2.4 Dodging
 + Level 2.5 Unarmed Combat
 + Level 1.4 Spellcasting
 - Level 2.0 Transmutations
 - Level 2.1 Evocations


You had 5 spell levels left.
You knew the following spells:

 Your Spells              Type           Power        Failure   Level  Hunger
a - Beastly Appendage     Tmut           #.....       11%         1    ##.....

Your spell library contained the following spells:

 Spells                   Type           Power        Failure   Level  Hunger
 Ignite Poison            Fire/Tmut/Pois #.......     50%         3    ####...


Dungeon Overview and Level Annotations

Branches:
Dungeon (4/15)
 Temple: D:4-7

Altars:
Cheibriados
Dithmenos
Uskayaw

Annotations:
D:3 Sigmund; heh's ghost, amateur CeHu
D:4 mojoiskewl's ghost, amateur DEEE


Innate Abilities, Weirdness & Mutations

You cannot wear most types of armour.
You are very stealthy in the water. (Stealth+)
You are amphibious.
You can wear up to eight rings at the same time.
You can use your tentacles to constrict eight enemies at once.
Your skin changes colour to match your surroundings (Stealth+).
Your rubbery body absorbs attacks. (AC +1, EV +1)


Message History

The orc wizard is heavily wounded.
You constrict the orc wizard, but do no damage.
The bullfrog skeleton hits you. The orc wizard barely misses you.
The bullfrog skeleton barely misses you.
You tentacle-slap the orc wizard but do no damage.
The orc wizard is heavily wounded.
You constrict the orc wizard. The orc hits you with a falchion.
The orc wizard hits you with a dagger.
* * * LOW HITPOINT WARNING * * *
The bullfrog skeleton misses you.
You release your grip on the orc wizard.
The orc wizard hits you with a dagger.
* * * LOW HITPOINT WARNING * * *
You closely miss the orc wizard. You grab the orc wizard.
The orc wizard is severely wounded.
You constrict the orc wizard. The orc barely misses you.
The orc hits you with a falchion.
* * * LOW HITPOINT WARNING * * *
The orc wizard hits you with a dagger.
You die...

####..# ..#..# ###
####.#..## #..
#........# # #.#
#....!(..# #. #.#
........# #.# #.#
#.....# #### #.##.# ##
##...[.##.o@..#
#...###...##
...#.......#.oo..#
#.##.#.#....
..#.......#..Z..###.#
#.###.##
....._.............#
#.# #.#
#.......#$........###.#
#.#
#.......#.............#
#.#
#.....##.###.........#
#.# #.####.####.#
#....)#.#.# #.#
#......W....#
#.#.###.#.# #.##


You could see an orc wizard, 2 orcs and a bullfrog skeleton.

Vanquished Creatures
  An orc wizard (D:3)
  Robin (D:2)
  3 adders
  An ooze (D:1)
  3 dart slugs
  3 leopard geckos (D:2)
  8 orcs
  5 giant cockroaches
  15 goblins
  5 hobgoblins
  8 jackals (D:1)
  5 kobolds
  2 quokkas
  3 ball pythons
  3 bats
  5 frilled lizards
  6 rats
77 creatures vanquished.

Vanquished Creatures (others)
  A plant (D:4)
1 creature vanquished.

Grand Total: 78 creatures vanquished

Notes
Turn   | Place    | Note
-------+----------+-------------------------------------------
     0 | D:1      | DrEnzyme the Octopode Wanderer began the quest for the Orb.
     0 | D:1      | DrEnzyme set off with: a wand of paralysis (15), a +0 mace, a ration
     0 | D:1      | Reached XP level 1. HP: 16/16 MP: 2/2
    60 | D:1      | Learned a level 1 spell: Beastly Appendage
   273 | D:1      | Reached XP level 2. HP: 2/21 MP: 1/3
   774 | D:1      | Reached skill level 1 in Dodging
   774 | D:1      | Reached skill level 1 in Unarmed Combat
   866 | D:1      | Reached XP level 3. HP: 26/26 MP: 2/4
  1661 | D:2      | Noticed a hand axe
  1662 | D:2      | Found a hide-covered altar of Uskayaw.
  1662 | D:2      | Noticed a dagger
  1664 | D:2      | Reached XP level 4. HP: 33/33 MP: 5/5
  1728 | D:2      | Found a snail-covered altar of Cheibriados.
  2424 | D:3      | Reached skill level 4 in Fighting
  2548 | D:3      | Noticed Sigmund
  2576 | D:3      | Noticed heh's ghost (amateur CeHu)
  2720 | D:2      | Reached XP level 5. HP: 34/37 MP: 6/6
  2776 | D:2      | Noticed Robin
  2874 | D:2      | Killed Robin
  3346 | D:4      | Found a shadowy altar of Dithmenos.
  3347 | D:4      | Noticed mojoiskewl's ghost (amateur DEEE)
  3534 | D:4      | Slain by an orc wizard

Vault maps used:
D:1:      lightli_iron_boxes
D:2:      nicolae_overflow_hidden_temple, dancing_weapons_uskayaw, uniq_robin
D:3:      led_sif_book, first_ration, uniq_sigmund
D:4:      old_standard_altar, chequers_big_river, okawaru_ov_weapons_minmay,
          uniq_blork_the_orc

Skill      XL: |  1  2  3  4 |
---------------+-------------+-----
Dodging        | 1 2 |  2.4
Unarmed Combat | 1 2 |  2.5
Fighting       | 4 |  4.2
Maces & Flails | |  2.0
Spellcasting   | |  1.4
Transmutations | |  2.0
Evocations     | |  2.1

Action                   |  1- 3 |  4- 6 || total
-------------------------+-------+-------++-------
Melee: Unarmed           |    68 |    96 ||   164
       Constrict         |    27 |    31 ||    58
       Tentacles         |    18 |    21 ||    39
       Kick              |    10 |    10 ||    20
       Mace              |     2 |       ||     2
       Punch             |       |     1 ||     1
Throw: Tomahawk          |       |     5 ||     5
 Cast: Beastly Appendage |    15 |    11 ||    26
  Use: Scroll            |     5 |     3 ||     8
 Stab: Sleeping          |     2 |     2 ||     4
  Eat: Chunk             |     3 |     2 ||     5
       Ration            |       |     1 ||     1
Armor: Skin              |     5 |       ||     5
Dodge: Dodged            |    52 |    86 ||   138

Table legend:
 A = Spawn XP
 B = Non-spawn XP
 C = Spawn XP percentage of total XP
 D = Spawn monster count
 E = Non-spawn monster count
 F = Spawn count percentage of total count
 G = Total turns spent on level
                    A         B        C        D         E        F      G
               +---------+---------+-------+---------+---------+-------+---------
         Total |       0 |     242 |   0.0 |       0 |      77 |   0.0 |  3534
               +---------+---------+-------+---------+---------+-------+---------
           D:1 |       0 |      48 |   0.0 |       0 |      24 |   0.0 |  1112
           D:2 |       0 |      95 |   0.0 |       0 |      36 |   0.0 |  1618
           D:3 |       0 |      62 |   0.0 |       0 |       7 |   0.0 |   444
           D:4 |       0 |      37 |   0.0 |       0 |      10 |   0.0 |   360
               +---------+---------+-------+---------+---------+-------+---------
